Map: NeoHumanity LE

Players

MattBarry - Winner!

  • Race: Zerg Zerg
  • League: Gold
  • Spawn Location: 11:00

DoUgZ

  • Race: Terran Terran
  • League: Gold
  • Spawn Location: 5:00

VOD

Have the link to the VOD?

Description

Time

  • Played on: Feb. 11, 2023, 1:24 p.m.
  • Length: 7:02
Show
View Real Time Build Order
Export as new Build Order

MattBarry Zerg - Winner!

Build Orders: Pool First 

Get SALT Encoding   

  12  0:00  Drone  
  13  0:08  Drone  
  14  0:26  Spawning Pool  
  13  0:29  Drone  
  13  0:31  Extractor  
  13  0:39  Overlord  
  13  0:43  Drone  
  14  0:58  Drone x2  
  16  1:20  Hatchery  
  15  1:30  Queen  
  17  1:34  Zergling x2  
  17  1:38  Zergling x2  
  19  1:41  Zergling x2  
  20  1:48  Drone  
  21  2:01  Drone  
  22  2:11  Overlord  
  22  2:39  Zergling x10  
  22  2:40  Zergling x2  
  28  2:52  Zergling x4  
  28  2:56  Metabolic Boost  
  30  3:14  Evolution Chamber  
  30  3:18  Drone x7  
  36  3:21  Overlord  
  36  3:31  Extractor  
  35  3:39  Queen  
  37  3:57  Hatchery  
  34  4:08  Drone x5  
  37  4:10  Queen  
  38  4:26  Zerg Melee Weapons Level 1  
  37  4:41  Spore Crawler  
  28  5:00  Drone x6  
  28  5:01  Drone x3  
  37  5:21  Drone x7  
  39  5:26  Queen x2  
  48  5:40  Evolution Chamber  
  47  5:43  Roach Warren  
  47  5:48  Drone  
  47  5:49  Drone x2  
  49  5:50  Overlord  
  49  5:59  Spore Crawler  
  48  6:10  Spore Crawler x2  
  46  6:12  Spore Crawler  
  46  6:14  Spore Crawler  
Show
View Real Time Build Order
Export as new Build Order

DoUgZ Terran 

Build Orders:  

Get SALT Encoding   

  12  0:14  Supply Depot  
  12  0:20  SCV  
  13  0:28  Refinery  
  13  0:30  Refinery  
  13  0:47  Barracks  
  13  0:58  SCV  
  14  1:10  SCV  
  15  1:25  SCV  
  16  1:37  SCV  
  17  1:40  Reaper  
  18  1:48  Supply Depot  
  18  2:01  Factory  
  18  2:12  Reaper  
  19  2:17  SCV  
  20  2:29  SCV  
  21  2:44  Reaper  
  22  3:08  Starport, Widow Mine  
  24  3:14  Armory  
  24  3:26  Supply Depot  
  24  3:48  Starport Tech Lab, Fusion Core  
  3  4:39  Battlecruiser  
Tags
 
League
GoldGold
Matchup
TvZ
Opening
Pool First
Replay Pack
Multiplayer
Spawn Locations
Cross Positions
Add a new tag
Caveats
  • Supply blocks, unpowered buildings, or Contaminate may cause inaccurate times.
  • Supply counts are checked every 10 seconds.